[Event "Biel DQA Blitzn"]
[Site "Biel/Bienne, Switzerland"]
[Date "2022.07.17"]
[Round "7.1"]
[White "Cornileau, Juliette"]
[Black "Tamrazyan, Gohar"]
[Result "0-1"]
[TimeControl "3 min + 2 sec"]
[WhiteElo "1653"]
[BlackElo "1733"]

1. d4 d5 2. c4 e6 3. Nc3 c5 4.
cxd5 exd5 5. Nf3 Nc6 6. g3 Nf6 7. Bg2 Be7 8. O-O O-O 9. Bg5 c4 10. Ne5 Be6 11. Nxc6 bxc6 12. Qc2 Qb6 13. Rad1 Rad8 14.
Na4 Qa5 15. b3 cxb3 16. axb3 Qc7 17. Bf4 Bd6 18. Bxd6 Qxd6 19. Rc1 Bd7 20. Nc5 Rc8 21. Ra1 Rc7 22. Ra5 Ra8 23. Rfa1 Be8 24.
Bh3 Nd7 25. Bxd7 Bxd7 26. Kg2 Qf6 27. Nxd7 Rxd7 28. Ra6 Qxd4 29. Qxc6 Rdd8 30. Rc1 Qe4+ 31. Kg1 h6 32. Qb7 Qxe2 33.
Rxa7 Rxa7 34. Qxa7 Qb2 35. Qc7 Rf8 36. Qc2 Qxc2 37. Rxc2 Rb8 38. Rd2 Rb5 39.
Rd3 Kf8 40. Kg2 Ke7 41. Kf3 Ke6 42. Re3+ Kd6 43. Rd3 Ke5 44. Ke3 d4+ 45. Ke2 g5 46. h3 f5 47.
Kf3 h5 48. h4 g4+ 49. Ke2 Ke4 50. Kd2 f4 51. gxf4 Rb4 52. Ke2 Kxf4 53. Kd2 Ke4 54. Rg3 Rb6 55. Kc2 Rf6 56. Rg2 Kf3 57. Rg3+ Kxf2 58. Rd3 Rd6 59. b4 g3 60. Rd2 Kf1 61. Rd1+ Kf2 62. Rd2 Kg1 63. Rd1+ Kh2 64. Rd2 g2 65. Kd1 Kh1 0-1

[Event "Biel DQA Blitzn"]
[Site "Biel/Bienne, Switzerland"]
[Date "2022.07.17"]
[Round "7.2"]
[White "Zhuang, Yongzhe"]
[Black "Ciarletta, Iris"]
[Result "0-1"]
[TimeControl "3 min + 2 sec"]
[WhiteElo "1681"]
[BlackElo "1481"]

1. e4 c5 2. c3 Nf6 3.
e5 Nd5 4. d4 e6 5. Nf3 Nc6 6. Bc4 Nb6 7. Bb3 d5 8.
exd6 cxd4 9. cxd4 Bxd6 10. Nc3 Be7 11. O-O O-O 12. Qd3 Nb4 13. Qe2 Bf6 14. a3 N4d5 15. Bd2 a6 16. Rad1 Re8 17.
Rfe1 Nxc3 18. bxc3 Bd7 19. Bc2 Rc8 20. Ne5 Bxe5 21. Qxe5 Qf6 22. Qe4 g6 23. Qxb7 a5 24. Qxb6 Bc6 25.
Be4 Bxe4 26. Rxe4 Qf5 27. Rde1 Rb8 28. Qc6 Rec8 29. Qa4 h5 30. Re5 Qd3 31. Qd1 Qa6 32. h3 Rb2 33. Bc1 Rb1 34. Qc2 Rcb8 35. Bf4 R1b2 36.
Qe4 Ra2 37. d5 exd5 38. Re8+ Rxe8 39. Qxe8+ Kg7 40. Be5+ Kh6 41. Qh8+ Kg5 42. f4+ Kf5 43.
g4+ hxg4 44. hxg4+ Kxg4 45. Qf6 Qa7+ 46. Kh1 Qf2 47. Rg1+ Kf3 48. Qh4 Qxh4# 0-1

[Event "Biel DQA Blitzn"]
[Site "Biel/Bienne, Switzerland"]
[Date "2022.07.17"]
[Round "7.3"]
[White "Avilova, Yulia"]
[Black "Moracchini, Margaux"]
[Result "1-0"]
[TimeControl "3 min + 2 sec"]
[WhiteElo "1597"]
[BlackElo "1825"]

1. Nf3 Nf6 2. c4 g6 3. d4 d6 4. Nc3 Bg7 5. e4 O-O 6. Be2 e5 7. d5 a5 8. O-O Na6 9. Rb1 Nc5 10. Nd2 Ne8 11. a3 f5 12. f3 Nf6 13. b4 axb4 14. axb4 Ncd7 15. Nb3 Nh5 16. Be3 Nf4 17. c5 Qg5 18. Bxf4 exf4 19. Nb5 Qd8 20. c6 bxc6 21. dxc6 Nb6 22. N3d4 fxe4 23. fxe4 Kh8 24. Qb3 Qe7 25. Bf3 Be5 26. Ra1 Rxa1 27.
Rxa1 g5 28. Ra7 Qg7 29. Rxc7 Bxd4+ 30. Kf1 Qe5 31. Qd3 Be6 32. Qxd4 Bc4+ 33. Be2 Bxe2+ 34. Kxe2 Qxd4 35. Nxd4 Re8 36. Kf3 Nc4 37. Nb3 h5 38. h3 Ne5+ 39. Ke2 Nc4 40. Kd3 Ne5+ 41. Kd4 f3 42.
gxf3 Nxf3+ 43. Ke3 Ne5 44. b5 Nc4+ 45. Kd4 Ne5 46. b6 Nf3+ 47. Ke3 g4 48. hxg4 hxg4 49. b7 Ne5 50. Rc8 Nc4+ 51. Kd4 1-0

[Event "Biel DQA Blitzn"]
[Site "Biel/Bienne, Switzerland"]
[Date "2022.07.17"]
[Round "7.4"]
[White "Keymer, Cecilia"]
[Black "Sumarriva Paulin, Laura"]
[Result "0-1"]
[TimeControl "3 min + 2 sec"]
[WhiteElo "1652"]
[BlackElo "1886"]

1. d4 d5 2. c4 dxc4 3.
Nf3 Nf6 4. e3 e6 5. Bxc4 c5 6.
O-O Nc6 7. a3 a6 8. dxc5 Bxc5 9. Qxd8+ Kxd8 10. Nc3 b5 11. Be2 Ke7 12. b4 Bb6 13. Bb2 Bb7 14. Rac1 Rhd8 15. Rfd1 Rac8 16.
Bd3 h6 17. Ne2 Rd7 18. Bc2 Rcd8 19. Ned4 Nxd4 20. Nxd4 Ne8 21. Bb3 Bd5 22. Bxd5 Bxd4 23. Bxd4 Rxd5 24. Bc5+ Kf6 25. Rxd5 Rxd5 26.
Bd4+ e5 27. Bb2 Ke7 28. g3 f6 29. Rc6 Rd6 30. Rxd6 Nxd6 31. Kf1 Nc4 32. Bc1 Kd6 33. Ke2 Kd5 34. Kd3 e4+ 35. Kc3 f5 36. Kb3 Ne5 37. a4 Nd3 38.
axb5 Nxc1+ 39. Kb2 Nd3+ 40. Kc3 axb5 41. Kb3 Nxf2 42. Kc3 Nd3 43. Kb3 Ne5 44. Kc3 Ng4 45. Kd2 Kc4 46. h3 Ne5 47.
Kc2 Kxb4 48. Kb2 Nd3+ 49. Kc2 Kc4 50. Kd2 b4 51. g4 fxg4 52. hxg4 b3 53. Kd1 Kc3 54.
g5 b2 55. g6 b1=Q+ 0-1

[ePGN "0.1;DGT LiveChess/2.2.5"]

[Event "Biel DQA Blitzn"]
[Site "Biel/Bienne, Switzerland"]
[Date "2022.07.17"]
[Round "8.1"]
[White "Cornileau, Juliette"]
[Black "Zhuang, Yongzhe"]
[Result "1/2-1/2"]
[TimeControl "3 min + 2 sec"]
[WhiteElo "1653"]
[BlackElo "1681"]

1. d4 d5 2. c4 dxc4 3. e4 b5 4. a4 c6 5. b3 e5 6. d5 cxd5 7. exd5 Nf6 8. bxc4 bxc4 9. Bxc4 Bb4+ 10. Bd2 Bxd2+ 11. Qxd2 Bb7 12.
Nc3 O-O 13. Nge2 Nbd7 14. O-O Nb6 15. Ba2 Nbxd5 16. Nxd5 Nxd5 17. Rab1 Bc6 18. Rfc1 Ne7 19. Qg5 Bxa4 20. Qxe5 Ng6 21.
Qe4 Bd7 22. Qf3 Qg5 23. Qg3 Qa5 24. Bc4 Bf5 25. Ra1 Qd8 26. Rd1 Qf6 27. Bd5 Rad8 28. Bf3 Rxd1+ 29. Rxd1 a5 30. Nf4 Nxf4 31. Qxf4 h6 32. g4 Bc2 33. Qxf6 gxf6 34. Rd2 Bb3 35. Bd5 a4 36. Bxb3 axb3 37. Rb2 Rb8 38. Kg2 Kg7 39. Kf3 Kg6 40. Kf4 Rb4+ 41. Kf3 h5 42. h3 h4 43. Ke3 Kg5 44. f4+ Rxf4 45. Rxb3 Rf1 46. Rb5+ Kg6 47. Rh5 Rg1 48. Rxh4 Rg3+ 49. Kf4 Ra3 50. Rh8 Kg7 51. Rh5 Kg6 52.
Rh8 Kg7 53. Rh5 Kg6 54. Rh8 Kg7 1/2-1/2

[Event "Biel DQA Blitzn"]
[Site "Biel/Bienne, Switzerland"]
[Date "2022.07.17"]
[Round "8.2"]
[White "Tamrazyan, Gohar"]
[Black "Avilova, Yulia"]
[Result "0-1"]
[TimeControl "3 min + 2 sec"]
[WhiteElo "1733"]
[BlackElo "1597"]

1. d4 d5 2. Nc3 e6 3.
Bf4 c5 4. e4 cxd4 5. Qxd4 Nc6 6. Bb5 Bd7 7. Bxc6 Bxc6 8. exd5 exd5 9. O-O-O Nf6 10. Nf3 Be7 11. Rhe1 O-O 12. Bg5 h6 13. Bh4 b6 14. Ne5 Bb7 15.
g4 Bc5 16. Qf4 Qd6 17. Bxf6 Qxf6 18. Qxf6 gxf6 19. Nd7 Rfd8 20. Nxf6+ Kg7 21. Nfxd5 Bxf2 22. Rf1 Bh4 23. Nc7 Bg5+ 24. Kb1 Rac8 25. Rxd8 Bxd8 26. N7d5 Bg5 27.
a3 Rd8 28. Nf4 Ba6 29. Rf3 Rd4 30.
Nce2 Re4 31. Nh5+ Kf8 32. Neg3 Re1+ 33. Ka2 Bb7 34. Rd3 Bc8 35. h3 Be6+ 36. b3 Rg1 37. a4 Rg2 38. Kb2 Bh4 39. Kc3 Be7 40. Ne4 Kg8 41. Nhf6+ Kh8 42. Nd5 Bh4 43. Kb2 f5 44.
gxf5 Bxf5 45. Re3 Bg5 46. Nxg5 hxg5 47. Re5 Bxc2 48. Ka3 Bd3 49. Re7 Rg3 50. Nf6 Rxh3 51. Rxa7 Bf5 52. Rb7 g4 53. Rxb6 g3 54. Nd5 g2 55.
Rb8+ Kg7 56. Rb7+ Kh6 57. Rb6+ Kg5 58. Rb8 g1=Q 59. Rg8+ Bg6 60. Ne7 Qa1+ 61. Kb4 Qe1+ 62. Ka5 Qxe7 0-1

[Event "Biel DQA Blitzn"]
[Site "Biel/Bienne, Switzerland"]
[Date "2022.07.17"]
[Round "8.3"]
[White "Ciarletta, Iris"]
[Black "Keymer, Cecilia"]
[Result "1/2-1/2"]
[TimeControl "3 min + 2 sec"]
[WhiteElo "1481"]
[BlackElo "1652"]

1. d4 d5 2. c4 c6 3. Nf3 Nf6 4.
Nc3 dxc4 5. a4 Bf5 6.
e3 e6 7. Bxc4 Bb4 8. O-O O-O 9. Qe2 Bg6 10. Bd2 Nbd7 11. Ne4 Nxe4 12. Bxb4 Re8 13. Nd2 Ndf6 14. Nxe4 Nxe4 15.
Bd3 Nd6 16. Bxg6 hxg6 17. Rac1 Nf5 18.
Qc2 Qb6 19. Qc5 Qxc5 20. Bxc5 Red8 21. Rc2 f6 22. Rc4 Kf7 23. Rfc1 Nd6 24. Bxd6 Rxd6 25. Rb4 Rd7 26. Rc3 e5 27. g3 exd4 28. Rxd4 Rxd4 29. exd4 Rd8 30. Rb3 Rd7 31. Kf1 Ke6 32. Ke2 Kd5 33. Rb4 a5 34. Rb3 Kc4 35. Re3 Kd5 36. b3 Rc7 37. Rd3 Ke6 38. Ke3 Rd7 39.
f4 Kd5 40. Rc3 Re7+ 41. Kd3 Kd6 42. Rc5 b6 43. Rc2 Re1 44. Rf2 Rd1+ 45. Ke3 Kd5 46. Rc2 Rxd4 47. Kf3 Rd1 48. Ke3 Kd6 49.
Ke2 Rd5 50. Ke3 Rc5 51. Rd2+ Rd5 52. Rc2 Kd7 53. Kf3 Rd3+ 54. Kg4 Rxb3 55. Rd2+ Ke7 56. Re2+ Kd7 57. Rd2+ Ke7 58. Re2+ Kf7 59. Rc2 c5 60. Rd2 Ke7 61. Re2+ Kd6 62. Rd2+ Kc6 63. Rd8 Rb4 64.
Rc8+ Kd7 65. Rb8 c4 66. Rg8 c3 67. Rxg7+ Ke6 68. Rc7 Rb3 69. h4 b5 70. axb5 a4 71. b6 Rxb6 72. Rxc3 Ra6 73. Ra3 Kd5 74. h5 gxh5+ 75. Kxh5 Kc4 76. Kg6 Kb4 77. Ra1 a3 78. g4 Kb3 79.
Rh1 a2 80. Rh3+ Kb2 81. Rh2+ Kb3 82. Rh3+ Kb2 83. Rh2+ Kb3 84. Rh3+ Kb2 85. Rh2+ 1/2-1/2

[Event "Biel DQA Blitzn"]
[Site "Biel/Bienne, Switzerland"]
[Date "2022.07.17"]
[Round "8.4"]
[White "Moracchini, Margaux"]
[Black "Sumarriva Paulin, Laura"]
[Result "1-0"]
[TimeControl "3 min + 2 sec"]
[WhiteElo "1825"]
[BlackElo "1886"]

1. e4 e6 2. d4 d5 3. Nd2 c5 4. exd5 exd5 5. Bb5+ Nc6 6. Ngf3 Qe7+ 7. Be2 Qc7 8. O-O Nf6 9. Re1 Be7 10.
dxc5 Bxc5 11. Nb3 Be7 12. Bb5 O-O 13. Bg5 a6 14. Bxc6 bxc6 15. Nbd4 c5 16. Nc6 Qxc6 17. Rxe7 Ne4 18.
Bf4 Bg4 19. Rc7 Qf6 20. Be5 Qf5 21. Bg3 Ng5 22. Nh4 Bxd1 23. Nxf5 Bxc2 24. Ne7+ Kh8 25. Rxc5 Be4 26. Nxd5 Ne6 27. Ra5 Rad8 28. Ne3 Rd2 29.
b3 Bd3 30. h3 h6 31. Rd5 Nc7 32. Bxc7 Rc8 33. Rd8+ Rxd8 34. Bxd8 Be4 35. Bh4 Rd7 36. Rc1 Kh7 37. Rd1 Rc7 38. Bg3 Rc6 39. Rd4 Bg6 40. Kh2 Rc3 41. Rd6 Bd3 42. Nd5 Rc2 43.
Nb4 Rd2 44. Rxd3 Rxd3 45. Nxd3 Kg6 46. Nc5 a5 47. Nb7 1-0

[ePGN "0.1;DGT LiveChess/2.2.5"]

[Event "Biel DQA Blitzn"]
[Site "Biel/Bienne, Switzerland"]
[Date "2022.07.17"]
[Round "9.1"]
[White "Moracchini, Margaux"]
[Black "Cornileau, Juliette"]
[Result "0-1"]
[TimeControl "3 min + 2 sec"]
[WhiteElo "1825"]
[BlackElo "1653"]

1. e4 c6 2. d4 d5 3. Nd2 dxe4 4. Nxe4 Bf5 5. Ng3 Bg6 6. h4 h6 7. h5 Bh7 8. Nf3 e6 9. Bd3 Bxd3 10. Qxd3 Nf6 11. Bd2 Bd6 12. Ne2 Qc7 13. g3 Nbd7 14. O-O-O O-O-O 15. Bf4 Nb6 16. c4 Bxf4+ 17. Nxf4 c5 18. Ne2 cxd4 19. Nfxd4 e5 20. Qf5+ Kb8 21. Nc2 Nxc4 22. Nc3 Qb6 23. b3 Qa5 24. Na4 Nb6 25. Nxb6 axb6 26. Kb1 Ka7 27. Rhe1 Nd5 28. Rxe5 Nc3+ 29.
Kb2 Nxd1+ 30. Kc1 Qd2+ 31. Kb1 Qc3 0-1

[Event "Biel DQA Blitzn"]
[Site "Biel/Bienne, Switzerland"]
[Date "2022.07.17"]
[Round "9.2"]
[White "Sumarriva Paulin, Laura"]
[Black "Ciarletta, Iris"]
[Result "0-1"]
[TimeControl "3 min + 2 sec"]
[WhiteElo "1886"]
[BlackElo "1481"]

1. d4 Nf6 2. c4 c5 3. d5 b5 4.
cxb5 a6 5. bxa6 Bxa6 6. Nc3 d6 7. e4 Bxf1 8. Kxf1 g6 9. Nf3 Bg7 10. g3 O-O 11. Kg2 Nbd7 12. a4 Nb6 13.
Qc2 Nfd7 14. Bd2 Nc4 15. b3 Nxd2 16. Qxd2 Qb8 17. Rab1 Ne5 18. Nxe5 Bxe5 19. Nb5 Qb7 20. h4 h5 21.
g4 Qd7 22. Qe2 Qxg4+ 23. Qxg4 hxg4 24. h5 g5 25. h6 f5 26. exf5 Rxf5 27. Nc7 Raf8 28. Rbf1 Bd4 29. Kg3 Rxf2 30.
Rxf2 Rxf2 31. Kxg4 Kh7 32. Ne6 Be3 33. Nxg5+ Bxg5 34. Kxg5 Rg2+ 35. Kf5 Re2 36. Rg1 Kxh6 37. Rg6+ Kh5 38.
Re6 Rf2+ 39. Ke4 Rb2 40. Rxe7 Re2+ 41. Kf5 Rxe7 42. Kf6 Re5 43. a5 Rxd5 44. a6 Rd1 45. Ke6 Ra1 46. a7 Rxa7 47.
Kxd6 Rb7 0-1

[Event "Biel DQA Blitzn"]
[Site "Biel/Bienne, Switzerland"]
[Date "2022.07.17"]
[Round "9.3"]
[White "Keymer, Cecilia"]
[Black "Tamrazyan, Gohar"]
[Result "0-1"]
[TimeControl "3 min + 2 sec"]
[WhiteElo "1652"]
[BlackElo "1733"]

1. d4 d5 2. c4 e6 3. Nc3 c5 4.
cxd5 exd5 5. Nf3 Nc6 6. Bg5 Be7 7.
Bxe7 Ngxe7 8. dxc5 d4 9. Ne4 O-O 10.
Nd6 Qa5+ 11. Qd2 Qxc5 12. Nxc8 Raxc8 13. Rc1 Qb4 14. e3 dxe3 15. fxe3 Qxd2+ 16. Kxd2 Rfd8+ 17. Ke1 g6 18. Kf2 Nb4 19.
Bc4 a6 20. a3 Nbd5 21. Rhd1 Nb6 22. Be2 Rxd1 23. Rxc8+ Nbxc8 24. Bxd1 b6 25. Nd4 Nd6 26. Be2 a5 27. Kf3 Kg7 28. e4 Kf6 29. Ke3 h6 30. Nf3 Ke6 31. Bd3 Nc6 32. Nd4+ Nxd4 33. Kxd4 f6 34. Ke3 Ke5 35. Bc2 Nc4+ 36.
Kf3 Nxb2 37. Bb3 Nd3 38. Bd5 f5 39. Bc4 fxe4+ 40. Ke3 Nc5 41. Bf7 g5 42. g3 Nd7 43. Bb3 Nf6 44. Bc2 Ng4+ 45. Ke2 Nxh2 46. Kf2 Ng4+ 47. Ke2 Kd4 48. Ke1 Ke3 49. Kf1 Kf3 50. Ke1 e3 51. Kf1 e2+ 52. Ke1 Ne3 53. Bd3 Ng2+ 54. Kd2 0-1

[Event "Biel DQA Blitzn"]
[Site "Biel/Bienne, Switzerland"]
[Date "2022.07.17"]
[Round "9.4"]
[White "Avilova, Yulia"]
[Black "Zhuang, Yongzhe"]
[Result "0-1"]
[TimeControl "3 min + 2 sec"]
[WhiteElo "1597"]
[BlackElo "1681"]

1. Nf3 d5 2. c4 e6 3. e3
c5 4. cxd5 exd5 5. d4 Nc6 6. Be2 Nf6 7. O-O Be7 8. Nc3 O-O 9. dxc5 Bxc5 10. a3 a6 11. Rb1 Re8 12. b4 Ba7 13. Bb2 Be6 14. Qc2 h6 15. Rfd1 Qe7 16. Rbc1 Rad8 17. Nd4 Nxd4 18. exd4 Bb8 19. Bf3 Qd6 20. g3 Qd7 21. Bg2 Bf5 22. Qb3 Ne4 23. Ne2 Qe7 24.
Nf4 Qd6 25. b5 g5 26. Nd3 Qe6 27. Nc5 Nxc5 28. dxc5 Be4 29. Re1 Qf5 30. Bf1 axb5 31. Bxb5 Qh3 32. Bf1 Qf5 33. Re3 d4 34.
Ree1 d3 35. Red1 Qf3 36. Rxd3 Qh1# 0-1

[ePGN "0.1;DGT LiveChess/2.2.5"]

[Event "Biel DQA Blitzn"]
[Site "Biel/Bienne, Switzerland"]
[Date "2022.07.17"]
[Round "10.1"]
[White "Cornileau, Juliette"]
[Black "Avilova, Yulia"]
[Result "0-1"]
[TimeControl "3 min + 2 sec"]
[WhiteElo "1653"]
[BlackElo "1597"]

1. d4 d5 2. c4 e6 3. Nc3 Nf6 4.
cxd5 exd5 5. Bg5 Be7 6. e3 O-O 7. Bd3 Nbd7 8. Nge2 b6 9. O-O Bb7 10. f3 c5 11.
Kh1 Kh8 12. Qc2 h6 13. Bf4 g5 14. Be5 Rg8 15. Ng3 Nxe5 16. dxe5 Nd7 17. Nf5 Nxe5 18. Nxh6 Rf8 19. f4 Nxd3 20.
Qxd3 d4 21. Ne2 Qd5 22. Rg1 Rae8 23. exd4 gxf4 24. Nxf4 Qxd4 25. Qh3 Qxf4 26. Nf5+ Kg8 27. Nh6+ Kh8 28. Nf5+ Kg8 29. Raf1 Qg5 30. Nh6+ Kg7 31.
Nf5+ Kg6 32. Ng3 Bc8 0-1

[Event "Biel DQA Blitzn"]
[Site "Biel/Bienne, Switzerland"]
[Date "2022.07.17"]
[Round "10.2"]
[White "Zhuang, Yongzhe"]
[Black "Keymer, Cecilia"]
[Result "1-0"]
[TimeControl "3 min + 2 sec"]
[WhiteElo "1681"]
[BlackElo "1652"]

1. e4 e5 2. Nf3 Nc6 3. Bc4 Bc5 4. c3 Nf6 5. d3 d6 6. h3 a6 7.
b4 Ba7 8. a4 Ne7 9. Bg5 Ng6 10. Qb3 O-O 11. O-O h6 12. Bd2 Qe7 13. Na3 Be6 14. Rfe1 Rfe8 15. Rad1 Bxc4 16. Nxc4 Qe6 17.
Qc2 Rad8 18. Na5 Qc8 19. Nc4 Qe6 20. Ne3 Nf4 21. Nf5 N6h5 22. d4 exd4 23. cxd4 Qg6 24. N3h4 Qe6 25. Qc1 Ng6 26.
Qc3 c6 27. Qf3 Nf6 28. Nxg6 fxg6 29. Ng3 Rf8 30. Qd3 Nd7 31. Be3 d5 32. e5 Rde8 33. Rc1 Rf7 34. b5 axb5 35. axb5 Ref8 36. bxc6 bxc6 37. Ra1 Bb6 38. Ra6 Qe7 39.
Rc1 Rc8 40. Ra3 Bd8 41. Ra7 Qe6 42. Rca1 Bb6 43. Rb7 Rff8 44. Qa6 Bd8 45. Qa7 Rf7 46. Ra6 Bg5 47. Bxg5 hxg5 48. Ra2 Rd8 49. Qa4 Rb8 50. Rc7 Nb6 51. Qxc6 Qxc6 52. Rxc6 Nc4 53. e6 Rb1+ 54. Kh2 Rf8 55. e7 Re8 56. Re6 Rb7 57.
Rae2 Nd6 58. Rxd6 Rexe7 59. Rxe7 Rxe7 60. Rxd5 Kf7 61. Rxg5 Kf6 62. Ra5 Rd7 63. d5 Ke5 64. Ra6 g5 65.
d6 Rxd6 66. Rxd6 Kxd6 67. Nf5+ Ke6 68. Nxg7+ Kf6 69. Nh5+ Kg6 70. g4 Kf6 71. Kg3+ Ke5 72. Kf3 Kd4 73. Nf6 Ke5 74. Nh7 Ke6 75. Ke4 Kf7 76. Nxg5+ 1-0

[Event "Biel DQA Blitzn"]
[Site "Biel/Bienne, Switzerland"]
[Date "2022.07.17"]
[Round "10.3"]
[White "Tamrazyan, Gohar"]
[Black "Sumarriva Paulin, Laura"]
[Result "1/2-1/2"]
[TimeControl "3 min + 2 sec"]
[WhiteElo "1733"]
[BlackElo "1886"]

1. d4 d5 2. Nc3 Nf6 3. Bf4 c5 4. e4 e6 5. exd5 exd5 6.
Nf3 Nc6 7. Bb5 Bd6 8. Bxd6 Qxd6 9. O-O O-O 10. dxc5 Qxc5 11. Be2 Bf5 12. Bd3 Bg4 13. h3 Bh5 14. Be2 Rfe8 15. Nb5 Rad8 16.
Nbd4 Qb6 17. b3 Ne4 18. Qd3 Nb4 19. Qb5 Nc3 20. Qxb6 Nxe2+ 21. Nxe2 axb6 22. Ned4 Re4 23. c3 Nc6 24.
Rae1 Rde8 25. Rxe4 Rxe4 26. Rd1 Nxd4 27. Rxd4 Bxf3 28. gxf3 Rxd4 29. cxd4 Kf8 30. Kf1 Ke7 31. Ke2 Ke6 32. Kd3 Kf5 33. Kc3 Kf4 34. Kb4 Kxf3 35. Kb5 Kxf2 36. Kxb6 Ke3 37. Kxb7 f5 38.
a4 f4 39. a5 f3 40. a6 f2 41. a7 f1=Q 42. a8=Q Qf7+ 43. Kb6 Qe6+ 44. Qc6 Qxc6+ 45. Kxc6 Kxd4 46. b4 Kc4 47. b5 d4 48. b6 d3 49. b7 d2 50.
b8=Q d1=Q 51. Qb5+ Kc3 52. Qc5+ Kb2 53. Qe5+ Kc2 54. Qc5+ Kb2 55. Qb4+ Kc1 56. Qc4+ 1/2-1/2

[Event "Biel DQA Blitzn"]
[Site "Biel/Bienne, Switzerland"]
[Date "2022.07.17"]
[Round "10.4"]
[White "Ciarletta, Iris"]
[Black "Moracchini, Margaux"]
[Result "1-0"]
[TimeControl "3 min + 2 sec"]
[WhiteElo "1481"]
[BlackElo "1825"]

1. d4 Nf6 2. c4 g6 3. Nc3 Bg7 4. e4 d6 5.
Nge2 O-O 6. Ng3 e5 7. d5 a5 8. Be2 Na6 9. h4 h5 10. Bg5 Qe8 11. Qd2 Bg4 12. Bxf6 Bxe2 13. Bxg7 Kxg7 14.
Qxe2 Qd7 15. Qe3 Qg4 16. Qf3 Qxf3 17. gxf3 Nc5 18. Kd2 Kh6 19. Rag1 f5 20. exf5 gxf5 21. Nge2 Rg8 22.
Rxg8 Rxg8 23. Rg1 Rxg1 24. Nxg1 Kg6 25. Nb5 Na6 26.
Nh3 Kf6 27. Ng5 Ke7 28. Ne6 c6 29. Nc3 cxd5 30. cxd5 Nb8 31. Ng7 Kf6 32. Ne8+ Ke7 33. Nc7 Nd7 34. N7b5 Nf8 35. Ne2 Ng6 36. Ng3 Nxh4 37. Nxh5 Nxf3+ 38. Ke3 Ng5 39. f4 Nf7 40. Ng3 Kf6 41. fxe5+ Kxe5 42. Ne2 Kxd5 43. Nf4+ Ke5 44. Nc3 Nd8 45. Ncd5 Nc6 46. a3 b5 47.
Nc7 b4 48. axb4 axb4 49. Nd3+ Kf6 50. Nd5+ Ke6 51. N5xb4 Na5 52. Nf4+ Ke5 53. Nbd3+ Kf6 54. Kd4 Ke7 55. Kd5 Kd7 56.
b4 Nb7 57. Ng6 Nd8 58. Ndf4 Nf7 59. Nh4 Ng5 60. Nxf5 Nf7 61. Nd4 Kc7 62. Nd3 Kb6 63. Nf5 Kb5 64. Nxd6+ Nxd6 65. Kxd6 Kb6 66. Kd5 Kb5 67. Kd4 Kb6 68. Kc4 Kc6 69. b5+ Kb6 70. Kb4 Kc7 71. Kc5 Kb7 72. Ne5 Ka8 73. Kb6 Kb8 74. Nd7+ Ka8 75. Kc7 1-0

[ePGN "0.1;DGT LiveChess/2.2.5"]

[Event "Biel DQA Blitzn"]
[Site "Biel/Bienne, Switzerland"]
[Date "2022.07.17"]
[Round "11.1"]
[White "Ciarletta, Iris"]
[Black "Cornileau, Juliette"]
[Result "1-0"]
[TimeControl "3 min + 2 sec"]
[WhiteElo "1481"]
[BlackElo "1653"]

1. d4 Nf6 2. c4 e6 3.
Nc3 Bb4 4. Bd2 d5 5. Nf3 c5 6.
cxd5 exd5 7. e3 O-O 8. dxc5 Bxc5 9. Be2 Nc6 10. O-O d4 11. exd4 Nxd4 12. Nxd4 Bxd4 13. Nb5 Bb6 14. Bf3 Qd3 15.
Nc3 Qg6 16. Bf4 Bg4 17. Bxg4 Nxg4 18. h3 Nh6 19. Qf3 Nf5 20. Qxb7 Rac8 21. Qf3 Nd4 22. Qg4 Qxg4 23. hxg4 Rxc3 24. bxc3 Ne2+ 25. Kh2 Nxf4 26. f3 g6 27. Rfe1 Rc8 28.
Re4 Bc7 29. g3 Ne6 30. Rd1 Ng5 31. Re3 Bb6 32. Red3 Kg7 33. Re1 Ne6 34. f4 h5 35. gxh5 Rh8 36. Kg2 Rxh5 37. Rd7 Ra5 38. Rxe6 Rxa2+ 39. Kh3 Ra1 40. Ree7 Rh1+ 41. Kg4 Kg8 42. Rxf7 Re1 43.
Rg7+ Kh8 44. Rxg6 Bf2 45. Kf3 Bb6 46. Rc6 Re3+ 47. Kg4 Re8 48. c4 Rg8+ 49. Kf3 Re8 50. Rb7 Bd4 51. f5 a5 52.
Rd6 Bc5 53. Rd5 Bb4 54. f6 Rf8 55. Kg4 Rxf6 56. Rd8+ Bf8 57. Rb5 Rg6+ 58. Rg5 Rxg5+ 59. Kxg5 1-0

[Event "Biel DQA Blitzn"]
[Site "Biel/Bienne, Switzerland"]
[Date "2022.07.17"]
[Round "11.2"]
[White "Moracchini, Margaux"]
[Black "Tamrazyan, Gohar"]
[Result "1-0"]
[TimeControl "3 min + 2 sec"]
[WhiteElo "1825"]
[BlackElo "1733"]

1. e4 c5 2. c3 d5 3. exd5 Qxd5 4. d4 Nc6 5. Nf3 Bg4 6. Be2 cxd4 7. cxd4 e6 8. Nc3 Qa5 9. O-O Nf6 10. h3 Bh5 11.
Be3 Be7 12. Qb3 Qb4 13. Qc2 O-O 14. a3 Qa5 15. b4 Qd8 16. Rfd1 Nd5 17. Nxd5 Qxd5 18. Bc4 Qd6 19. d5 Bxf3 20.
gxf3 Ne5 21. dxe6 Nxf3+ 22. Kg2 Nh4+ 23. Kf1 Qh2 24. exf7+ Kh8 25.
Qe4 Qxh3+ 26. Ke2 Bf6 27. Rh1 Qf5 28. Qxf5 Nxf5 29. Rad1 Nxe3 30. fxe3 a6 31. Rd7 b5 32. Bb3 h6 33. Rhd1 Kh7 34. Bc2+ g6 35.
R1d6 Kg7 36. Bb3 g5 37. Rc6 Rfd8 38. Rdd6 Rxd6 39. Rxd6 Be7 40. Rc6 Bf8 41. Kf3 a5 42. Rb6 axb4 43. axb4 Bxb4 44. Rxb5 Bf8 45. Bd5 Ra3 46. Rb7 Bc5 47. Rb3 Ra7 48. Kg4 Re7 49. e4 Rd7 50. Rf3 Kf8 51.
Kh5 Rd6 52. Rf5 Ra6 53. Rf3 Be7 54. Kg4 Rg6 55. Rf5 Rf6 56. Rxf6 Bxf6 57. Kh5 Ke7 58. Kxh6 g4 59. Kh7 g3 60. e5 Bxe5 61. Kg8 g2 62. Bxg2 Bd6 63. f8=Q+ Ke6 64. Qf7+ Ke5 65. Qd5+ 1-0

[Event "Biel DQA Blitzn"]
[Site "Biel/Bienne, Switzerland"]
[Date "2022.07.17"]
[Round "11.3"]
[White "Sumarriva Paulin, Laura"]
[Black "Zhuang, Yongzhe"]
[Result "1-0"]
[TimeControl "3 min + 2 sec"]
[WhiteElo "1886"]
[BlackElo "1681"]

1. e4 e5 2. Bc4 Nf6 3. d3 Nc6 4. Nf3 Bc5 5. c3 d6 6. b4 Bb6 7. a4 a6 8. O-O O-O 9. Bg5 h6 10.
Bh4 Re8 11. Nbd2 Be6 12. Re1 Qe7 13. Nf1 Rad8 14. Ng3 g5 15. Nxg5 hxg5 16. Bxg5 Bxc4 17. dxc4 Qe6 18. Qf3 Ng4 19.
Bxd8 Bxf2+ 20. Kh1 Bxe1 21. Rxe1 Rxd8 22. Nf5 Qg6 23. b5 Qh5 24. h3 Nf6 25. Qxh5 Nxh5 26. bxc6 bxc6 27. Ne7+ Kg7 28.
Nxc6 Rh8 29. Ne7 Nf4 30. Nf5+ Kf6 31. Rb1 Nd3 32. Rb7 Rc8 33. Ne3 Nc5 34. Nd5+ Ke6 35. Rxc7 Rxc7 36. Nxc7+ Kd7 37. Nd5 Nxe4 38. h4 Ng3+ 39.
Kh2 Nf5 40. h5 Kc6 41. g4 Nh6 42. Ne7+ Kc5 43. Nf5 Nxg4+ 44. Kg3 Nf6 45. h6 Kxc4 46. Ne3+ Kxc3 47. Nd5+ Nxd5 48. h7 e4 49.
h8=Q+ f6 50. Qc8+ Kd4 51. Qxa6 e3 52. Kf3 f5 53. Qe2 f4 54. Qb2+ Kc5 55. a5 Nb4 56. Qc3+ Kb5 57. Qc7 d5 58. Kxf4 e2 59. Qe7 Nc6 60.
Qxe2+ 1-0

[Event "Biel DQA Blitzn"]
[Site "Biel/Bienne, Switzerland"]
[Date "2022.07.17"]
[Round "11.4"]
[White "Keymer, Cecilia"]
[Black "Avilova, Yulia"]
[Result "0-1"]
[TimeControl "3 min + 2 sec"]
[WhiteElo "1652"]
[BlackElo "1597"]

1. d4 d5 2. c4 e6 3. Nc3 Nf6 4. cxd5 exd5 5. Bg5 Be7 6. e3 O-O 7. Bd3 Nbd7 8. Qc2 h6 9. Bh4 b6 10.
Nge2 Bb7 11. O-O Nh5 12.
Bxe7 Qxe7 13. Ng3 Nhf6 14. Nf5 Qe6 15. Rac1 Kh8 16. Qe2 c5 17. Nb5 Rac8 18. a3 c4 19. Bb1 a6 20. Nbd6 Rb8 21.
Qc2 g6 22. Nxb7 gxf5 23. Nd6 Qxd6 24. Qxf5 Qe6 25. Qf3 Qg4 26. Qxg4 Nxg4 27. Bf5 Ngf6 28. f3 b5 29. e4 Nb6 30. e5 Nfd7 31. f4 a5 32. Rf3 Rg8 33. Rh3 Kg7 34. Rcc3 b4 35. Rcg3+ Kf8 36. axb4 Rxg3 37. Rxg3 axb4 38. Bh7 Na4 0-1

[ePGN "0.1;DGT LiveChess/2.2.5"]

[Event "Biel DQA Blitzn"]
[Site "Biel/Bienne, Switzerland"]
[Date "2022.07.17"]
[Round "12.1"]
[White "Cornileau, Juliette"]
[Black "Keymer, Cecilia"]
[Result "1/2-1/2"]
[TimeControl "3 min + 2 sec"]
[WhiteElo "1653"]
[BlackElo "1652"]

1. d4 d5 2. c4 c6 3. Nc3 Nf6 4. cxd5 cxd5 5. Nf3 Nc6 6. e3 Bg4 7. h3 Bh5 8. Be2 e6 9. O-O a6 10. Qb3 Qc7 11.
Na4 Bd6 12. Nb6 Rb8 13. Na4 O-O 14. Bd2 Ne4 15. Rfd1 Nxd2 16. Rxd2 Qe7 17. Rc1 Rfc8 18. Rdc2 Qd8 19. Nb6 Rc7 20.
a3 Na5 21. Qa4 Rxc2 22. Qxc2 Qxb6 23. Ne5 Bxe5 24. Qc8+ Qd8 25. Qxd8+ Rxd8 26. Bxh5 Bd6 27. Be2 Nc6 28. Bxa6 bxa6 29.
Rxc6 g6 30. Rxa6 Kg7 31. b4 Be7 32. Rc6 Ra8 33. Rc7 Bd6 34.
Rc6 Be7 35. Rc7 Bd6 36. Rc6 Be7 37. Rc7 Bd6 1/2-1/2

[Event "Biel DQA Blitzn"]
[Site "Biel/Bienne, Switzerland"]
[Date "2022.07.17"]
[Round "12.2"]
[White "Avilova, Yulia"]
[Black "Sumarriva Paulin, Laura"]
[Result "1-0"]
[TimeControl "3 min + 2 sec"]
[WhiteElo "1597"]
[BlackElo "1886"]

1. Nf3 d5 2. c4 e6 3. e3 c5 4. cxd5 exd5 5. d4 Nc6 6. Nc3 Nf6 7. Be2 Bd6 8. dxc5 Bxc5 9. a3 O-O 10. b4 Bb6 11. O-O Bg4 12. Bb2 Qd6 13. Qb3 Bc7 14. g3 Rad8 15. Rfd1 a6 16. Rac1 Qe6 17. Ba1 Bh3 18. Rd2 Rd7 19.
Rcd1 Rfd8 20. Nd4 Nxd4 21. Rxd4 Bb6 22.
R4d2 Qf5 23. a4 d4 24. exd4 Bxd4 25. Bd3 Qf3 26. Bf1 Ng4 27. Qc2 Bxf1 28. Rxf1 Qf6 29. Ne4 Qh6 30. h4 Bxf2+ 31. Rfxf2 Nxf2 32. Rxd7 Nh3+ 33. Kg2 Nf4+ 34. gxf4 Qg6+ 35. Kf3 Qh5+ 36. Ke3 Re8 37. Qc3 f6 38. Rxg7+ Kh8 39. Qxf6 Rxe4+ 40. Kxe4 Qe2+ 41. Kd5 Qd3+ 42. Qd4 Qf5+ 43. Qe5 Qd3+ 44. Ke6 Qh3+ 45. f5 Qb3+ 46. Kf6 Qxa4 47. Kg5 Qc6 48. Qb8+ 1-0